SL
MISSISSIPPI MOCKINGBIRDS @ COLORADO BILLY GOATS
08/08/2042
 
TOP OF THE 1ST
Mississippi Mockingbirds batting - Pitching for Colorado Billy Goats : RHP Jay Newton
Pitching: RHP Jay Newton
Batting: LHB Warren King 0-0: Ground out 6-3 (Groundball, 6, EV 87.5 MPH)
Batting: LHB Rylen Roersma 0-0: Called Strike
0-1: Ground out 3-1 (Groundball, 34, EV 104.4 MPH)
Batting: RHB Doug Allerdale 0-0: SINGLE (Groundball, 6MD, EV 98.1 MPH)
Batting: RHB Júlio Coronado 0-0: Swinging Strike
0-1: Foul Ball, location: 2F
0-2: Foul Ball, location: 2F
0-2: Strikes out swinging
Top of the 1st over - 0 runs, 1 hit, 0 errors, 1 left on base; Mississippi 0 - Colorado 0
BOTTOM OF THE 1ST
Colorado Billy Goats batting - Pitching for Mississippi Mockingbirds : RHP Joe Yoder
Pitching: RHP Joe Yoder
Batting: LHB David de Meij 0-0: Called Strike
0-1: Fly out, F9 (Flyball, 89S, EV 89.4 MPH)
Batting: LHB Ricardo Yates 0-0: Foul Ball, location: 2F
0-1: Ball
1-1: Ball
2-1: Ball
3-1: Base on Balls
Batting: LHB Tim Gonzáles 0-0: Fly out, F9 (Flyball, 9D, EV 88.1 MPH)
Batting: LHB Robby Sinor 0-0: Called Strike
0-1: Swinging Strike
0-2: Strikes out swinging
Bottom of the 1st over - 0 runs, 0 hits, 0 errors, 1 left on base; Mississippi 0 - Colorado 0
TOP OF THE 2ND
Mississippi Mockingbirds batting - Pitching for Colorado Billy Goats : RHP Jay Newton
Batting: LHB Jesús Lazcano 0-0: Ball
1-0: Swinging Strike
1-1: SINGLE (Flyball, 9S, EV 95.6 MPH)
Batting: LHB Seb Blanch 0-0: Called Strike
0-1: Ball
1-1: Ball
2-1: Called Strike
2-2: Ball
3-2: Foul Ball, location: 2F
3-2: Ground out 4-3 (Groundball, 4, EV 90.0 MPH)
Jesús Lazcano to second
Batting: RHB Yong-hong Ren 0-0: Ball
1-0: Ball
2-0: Called Strike
2-1: Ground out 6-3 (Groundball, 56, EV 86.2 MPH)
Batting: LHB Wu-shun Chu 0-0: Called Strike
0-1: Foul Ball, location: 2F
0-2: SINGLE (Groundball, 4D, EV 107.5 MPH)
Jesús Lazcano to third
Runner from 3rd tries for Home, SAFE, no throw by RF
Batting: RHB Jorge Muńóz 0-0: Ball
1-0: Ball
2-0: Ball
3-0: Called Strike
3-1: Called Strike
3-2: Ground out 2-3 (Groundball, 13S, EV 61.2 MPH)
Top of the 2nd over - 1 run, 2 hits, 0 errors, 1 left on base; Mississippi 1 - Colorado 0
BOTTOM OF THE 2ND
Colorado Billy Goats batting - Pitching for Mississippi Mockingbirds : RHP Joe Yoder
Batting: LHB Samual Johnson 0-0: Called Strike
0-1: Foul Ball, location: 2F
0-2: Ball
1-2: Ball
2-2: Ball
3-2: Base on Balls
Batting: RHB Paul Byrd 0-0: Called Strike
0-1: Foul Ball, location: 2F
0-2: Ball
1-2: Ball
2-2: Grounds into double play, 1-6-3 (Groundball, 13S, EV 71.9 MPH)
Batting: LHB Ruhinda Kirkconnell 0-0: Called Strike
0-1: Ball
1-1: Ball
2-1: Ball
3-1: SINGLE (Groundball, 6D, EV 96.2 MPH)
Batting: SHB Raoul de Gilde 0-0: Foul Ball, location: 2F
0-1: Ball
1-1: Ball
2-1: Ball
3-1: Base on Balls
Ruhinda Kirkconnell to second
Batting: RHB Matt Méndez 0-0: Ball
1-0: Ball
2-0: Ball
3-0: Base on Balls
Ruhinda Kirkconnell to third
Raoul de Gilde to second
Batting: LHB David de Meij 0-0: Foul Ball, location: 2F
0-1: Swinging Strike
0-2: Ball
1-2: Ball
2-2: SINGLE (Groundball, 4D, EV 98.1 MPH)
Ruhinda Kirkconnell scores
Raoul de Gilde to third
Matt Méndez to second
Runner from 3rd tries for Home, SAFE, no throw by CF
Batting: LHB Ricardo Yates 0-0: Fielders Choice at 2nd, 5-4 (Groundball, 5, EV 96.2 MPH)
Bottom of the 2nd over - 2 runs, 2 hits, 0 errors, 2 left on base; Mississippi 1 - Colorado 2
TOP OF THE 3RD
Mississippi Mockingbirds batting - Pitching for Colorado Billy Goats : RHP Jay Newton
Batting: LHB Warren King 0-0: Ball
1-0: Ball
2-0: Swinging Strike
2-1: SOLO HOME RUN (Flyball, 9LD, EV 107.5 MPH), Distance : 342 ft
Batting: LHB Rylen Roersma 0-0: Ball
1-0: Ball
2-0: Ground out U3 (Groundball, 34, EV 85.0 MPH)
Batting: RHB Doug Allerdale 0-0: Ball
1-0: Ball
2-0: Swinging Strike
2-1: Foul Ball, location: 2F
2-2: Foul Ball, location: 2F
2-2: Fly out, F9 (Flyball, 89D, EV 104.4 MPH)
Batting: RHB Júlio Coronado 0-0: Ball
1-0: Called Strike
1-1: Foul Ball, location: 2F
1-2: Foul Ball, location: 2F
1-2: Ball
2-2: Ground out 6-3 (Groundball, 6, EV 109.4 MPH)
Top of the 3rd over - 1 run, 1 hit, 0 errors, 0 left on base; Mississippi 2 - Colorado 2
BOTTOM OF THE 3RD
Colorado Billy Goats batting - Pitching for Mississippi Mockingbirds : RHP Joe Yoder
Batting: LHB Tim Gonzáles 0-0: Foul Ball, location: 2F
0-1: Fly out, F7 (Flyball, 78S, EV 89.4 MPH)
Batting: LHB Robby Sinor 0-0: Ball
1-0: Ball
2-0: Ball
3-0: Base on Balls
Batting: LHB Samual Johnson 0-0: Called Strike
0-1: Ball
1-1: Ball
2-1: Foul Ball, location: 2F
2-2: Ball
Wild Pitch!
Robby Sinor to second
3-2: SINGLE (Groundball, 4D, EV 100.6 MPH)
Robby Sinor to third
Batting: RHB Paul Byrd 0-0: Foul Ball, location: 2F
0-1: Ball
1-1: Ball
2-1: Grounds into double play, 5-4-3 (Groundball, 56, EV 85.0 MPH)
Bottom of the 3rd over - 0 runs, 1 hit, 0 errors, 1 left on base; Mississippi 2 - Colorado 2
TOP OF THE 4TH
Mississippi Mockingbirds batting - Pitching for Colorado Billy Goats : RHP Jay Newton
Batting: LHB Jesús Lazcano 0-0: Ball
1-0: Swinging Strike
1-1: SINGLE (Groundball, 4D, EV 107.5 MPH)
Batting: LHB Seb Blanch 0-0: Ball
1-0: Foul Ball, location: 2F
1-1: Called Strike
1-2: Strikes out swinging
Batting: RHB Yong-hong Ren 0-0: SINGLE (Groundball, 4, EV 100.0 MPH) (infield hit)
Jesús Lazcano to second
Batting: LHB Wu-shun Chu 0-0: Grounds into double play, 5-4-3 (Groundball, 56, EV 87.5 MPH)
Top of the 4th over - 0 runs, 2 hits, 0 errors, 1 left on base; Mississippi 2 - Colorado 2
BOTTOM OF THE 4TH
Colorado Billy Goats batting - Pitching for Mississippi Mockingbirds : RHP Joe Yoder
Batting: LHB Ruhinda Kirkconnell 0-0: Ground out 6-3 (Groundball, 6, EV 109.4 MPH)
Batting: SHB Raoul de Gilde 0-0: Called Strike
0-1: Foul Ball, location: 2F
0-2: Ball
1-2: Ball
2-2: Ball
3-2: Strikes out swinging
Batting: RHB Matt Méndez 0-0: Ball
1-0: Ball
2-0: Ball
3-0: Called Strike
3-1: Base on Balls
Batting: LHB David de Meij 0-0: Ball
1-0: Ball
2-0: Ball
3-0: Called Strike
3-1: Foul Ball, location: 2F
3-2: Ground out 4-3 (Groundball, 4, EV 83.1 MPH)
Bottom of the 4th over - 0 runs, 0 hits, 0 errors, 1 left on base; Mississippi 2 - Colorado 2
TOP OF THE 5TH
Mississippi Mockingbirds batting - Pitching for Colorado Billy Goats : RHP Jay Newton
Batting: RHB Jorge Muńóz 0-0: Ground out U3 (Groundball, 3S, EV 83.8 MPH)
Batting: LHB Warren King 0-0: Ball
1-0: Called Strike
1-1: Foul Ball, location: 2F
1-2: Foul Ball, location: 2F
1-2: Ball
2-2: Ground out 5-3 (Groundball, 56, EV 105.6 MPH)
Batting: LHB Rylen Roersma 0-0: Called Strike
0-1: TRIPLE (Groundball, 3L, EV 103.8 MPH)
Batting: RHB Doug Allerdale 0-0: Ground out 6-3 (Groundball, 6, EV 86.9 MPH)
Top of the 5th over - 0 runs, 1 hit, 0 errors, 1 left on base; Mississippi 2 - Colorado 2
BOTTOM OF THE 5TH
Colorado Billy Goats batting - Pitching for Mississippi Mockingbirds : RHP Joe Yoder
Batting: LHB Ricardo Yates 0-0: Ball
1-0: Hit by Pitch
Batting: LHB Tim Gonzáles 0-0: Ball
1-0: Called Strike
1-1: Grounds into double play, 4-6-3 (Groundball, 4M, EV 86.2 MPH)
Batting: LHB Robby Sinor 0-0: Ball
1-0: Swinging Strike
1-1: Swinging Strike
1-2: DOUBLE (Line Drive, 9LS, EV 93.1 MPH)
Batting: LHB Samual Johnson 0-0: Foul Ball, location: 2F
0-1: Ball
1-1: Ball
2-1: Fly out, F9 (Flyball, 89M, EV 95.6 MPH)
Bottom of the 5th over - 0 runs, 1 hit, 0 errors, 1 left on base; Mississippi 2 - Colorado 2
TOP OF THE 6TH
Mississippi Mockingbirds batting - Pitching for Colorado Billy Goats : RHP Jay Newton
Batting: RHB Júlio Coronado 0-0: SINGLE (Line Drive, 6MD, EV 98.8 MPH)
Batting: LHB Jesús Lazcano 0-0: Called Strike
0-1: Ball
1-1: Fly out, F7 (Flyball, 78S, EV 87.5 MPH)
Batting: LHB Seb Blanch 0-0: Ball
1-0: Called Strike
1-1: SINGLE (Groundball, 4MD, EV 105.6 MPH)
Júlio Coronado to second
Runner from 2nd tries for 3rd, SAFE, no throw by CF
Batting: RHB Yong-hong Ren 0-0: Called Strike
0-1: Grounds into double play, 6-4-3 (Groundball, 56, EV 104.4 MPH)
Top of the 6th over - 0 runs, 2 hits, 0 errors, 1 left on base; Mississippi 2 - Colorado 2
BOTTOM OF THE 6TH
Colorado Billy Goats batting - Pitching for Mississippi Mockingbirds : RHP Joe Yoder
Pitching: RHP Javier Benavides
Batting: RHB Paul Byrd 0-0: Foul Ball, location: 2F
0-1: SINGLE (Groundball, 56D, EV 103.8 MPH)
Batting: LHB Ruhinda Kirkconnell 0-0: Bunt - Flyout to 23! F3
Batting: SHB Raoul de Gilde 0-0: Ball
1-0: Called Strike
1-1: Foul Ball, location: 2F
1-2: Ball
2-2: Foul Ball, location: 2F
2-2: Strikes out swinging
Batting: RHB Matt Méndez 0-0: Called Strike
0-1: Called Strike
0-2: Strikes out swinging
Bottom of the 6th over - 0 runs, 1 hit, 0 errors, 1 left on base; Mississippi 2 - Colorado 2
TOP OF THE 7TH
Mississippi Mockingbirds batting - Pitching for Colorado Billy Goats : RHP Jay Newton
Batting: LHB Wu-shun Chu 0-0: Swinging Strike
0-1: Ground out 4-3 (Groundball, 4, EV 90.6 MPH)
Batting: RHB Jorge Muńóz 0-0: Ball
1-0: Ball
2-0: Ground out 6-3 (Groundball, 6, EV 78.8 MPH)
Batting: LHB Warren King 0-0: Ball
1-0: Ground out 4-3 (Groundball, 34, EV 101.9 MPH)
Top of the 7th over - 0 runs, 0 hits, 0 errors, 0 left on base; Mississippi 2 - Colorado 2
BOTTOM OF THE 7TH
Colorado Billy Goats batting - Pitching for Mississippi Mockingbirds : RHP Javier Benavides
Batting: LHB David de Meij 0-0: Called Strike
0-1: Foul Ball, location: 2F
0-2: Single, Error in OF, E9, batter to second base (Line Drive, 89S, EV 97.5 MPH)
Batting: LHB Ricardo Yates 0-0: Called Strike
0-1: Swinging Strike
0-2: Ball
1-2: Ball
2-2: Ball
3-2: Fly out, F7 (Line Drive, 7, EV 93.1 MPH)
Batting: LHB Tim Gonzáles 0-0: Ground out 4-3 (Groundball, 4, EV 83.1 MPH)
David de Meij to third
Batting: LHB Robby Sinor 0-0: Called Strike
0-1: Ball
1-1: Foul Ball, location: 2F
1-2: Strikes out swinging
Bottom of the 7th over - 0 runs, 1 hit, 1 error, 1 left on base; Mississippi 2 - Colorado 2
TOP OF THE 8TH
Mississippi Mockingbirds batting - Pitching for Colorado Billy Goats : RHP Jay Newton
Batting: LHB Rylen Roersma 0-0: Ball
1-0: Foul Ball, location: 2F
1-1: Called Strike
1-2: Foul Ball, location: 2F
1-2: Foul Ball, location: 2F
1-2: Fly out, F7 (Flyball, 78S, EV 78.8 MPH)
Pitching: LHP Ales Kretky
Batting: RHB Doug Allerdale 0-0: Ball
1-0: Foul Ball, location: 2F
1-1: SOLO HOME RUN (Flyball, 9LD, EV 107.5 MPH), Distance : 350 ft
Batting: RHB Júlio Coronado 0-0: Called Strike
0-1: Swinging Strike
0-2: Ball
1-2: Strikes out looking
Batting: LHB Jesús Lazcano 0-0: Ball
1-0: Ball
2-0: Ball
3-0: Base on Balls
Batting: LHB Seb Blanch 0-0: Ball
1-0: Ball
2-0: Foul Ball, location: 2F
2-1: Swinging Strike
2-2: Strikes out looking
Top of the 8th over - 1 run, 1 hit, 0 errors, 1 left on base; Mississippi 3 - Colorado 2
BOTTOM OF THE 8TH
Colorado Billy Goats batting - Pitching for Mississippi Mockingbirds : RHP Javier Benavides
Batting: LHB Samual Johnson 0-0: Called Strike
0-1: SOLO HOME RUN (Flyball, 89XD, EV 95.0 MPH), Distance : 408 ft
Batting: RHB Paul Byrd 0-0: Fly out, F9 (Flyball, 9, EV 90.6 MPH)
Batting: LHB Ruhinda Kirkconnell 0-0: Ball
1-0: Ball
2-0: Ball
3-0: Swinging Strike
3-1: SINGLE (Groundball, 4MD, EV 103.8 MPH)
Batting: SHB Raoul de Gilde 0-0: Fielders Choice at 2nd, 2-6 (Groundball, 13S, EV 71.2 MPH)
Batting: RHB Matt Méndez 0-0: Called Strike
0-1: Foul Ball, location: 2F
0-2: SINGLE (Flyball, 89M, EV 96.2 MPH)
Raoul de Gilde to second
Batting: LHB David de Meij 0-0: Swinging Strike
0-1: Swinging Strike
0-2: Ball
1-2: Ball
2-2: Ball
3-2: Strikes out swinging
Bottom of the 8th over - 1 run, 3 hits, 0 errors, 2 left on base; Mississippi 3 - Colorado 3
TOP OF THE 9TH
Mississippi Mockingbirds batting - Pitching for Colorado Billy Goats : LHP Ales Kretky
Batting: RHB Yong-hong Ren 0-0: Foul Ball, location: 2F
0-1: Ball
1-1: Swinging Strike
1-2: Strikes out looking
Pinch Hitting: RHB Quinn Albracht 0-0: Ground out 1-3 (Groundball, 13S, EV 68.1 MPH)
Batting: RHB Jorge Muńóz 0-0: Called Strike
0-1: Foul Ball, location: 2F
0-2: Ball
1-2: Ball
2-2: Ball
3-2: Foul Ball, location: 2F
3-2: Base on Balls
Batting: LHB Warren King 0-0: Ball
1-0: Foul Ball, location: 2F
1-1: Foul Ball, location: 2F
1-2: Strikes out swinging
Top of the 9th over - 0 runs, 0 hits, 0 errors, 1 left on base; Mississippi 3 - Colorado 3
BOTTOM OF THE 9TH
Colorado Billy Goats batting - Pitching for Mississippi Mockingbirds : RHP Javier Benavides
Now in RF: Jorge Indiano
Batting: LHB Ricardo Yates 0-0: Called Strike
0-1: Foul Ball, location: 2F
0-2: Foul Ball, location: 2F
0-2: Ball
1-2: Strikes out swinging
Batting: LHB Tim Gonzáles 0-0: Called Strike
0-1: Fly out, F7 (Flyball, 7S, EV 88.1 MPH)
Batting: LHB Robby Sinor 0-0: Ball
1-0: Foul Ball, location: 2F
1-1: Called Strike
1-2: Ball
2-2: Fly out, F7 (Flyball, 7S, EV 84.4 MPH)
Bottom of the 9th over - 0 runs, 0 hits, 0 errors, 0 left on base; Mississippi 3 - Colorado 3
TOP OF THE 10TH
Mississippi Mockingbirds batting - Pitching for Colorado Billy Goats : LHP Ales Kretky
Pitching: RHP Magnus Belli
Batting: LHB Rylen Roersma 0-0: Swinging Strike
0-1: Ball
1-1: Swinging Strike
1-2: Strikes out swinging
Batting: RHB Doug Allerdale 0-0: Called Strike
0-1: Swinging Strike
0-2: Strikes out swinging
Batting: RHB Júlio Coronado 0-0: Ball
1-0: Called Strike
1-1: Swinging Strike
1-2: Ball
2-2: Strikes out swinging
Top of the 10th over - 0 runs, 0 hits, 0 errors, 0 left on base; Mississippi 3 - Colorado 3
BOTTOM OF THE 10TH
Colorado Billy Goats batting - Pitching for Mississippi Mockingbirds : RHP Javier Benavides
Pitching: RHP Brewster Warble
Batting: LHB Samual Johnson 0-0: Fly out, F5 (Popup, 5L, EV 76.2 MPH)
Batting: RHB Paul Byrd 0-0: Ball
1-0: Foul Ball, location: 2F
1-1: Swinging Strike
1-2: Ball
2-2: Foul Ball, location: 2F
2-2: Foul Ball, location: 2F
2-2: Ball
3-2: Strikes out swinging
Batting: LHB Ruhinda Kirkconnell 0-0: Hit by Pitch
Batting: SHB Raoul de Gilde 0-0: Ball
1-0: Ball
2-0: Called Strike
2-1: Swinging Strike
2-2: Ball
3-2: Fly out, F7 (Flyball, 78D, EV 96.2 MPH)
Bottom of the 10th over - 0 runs, 0 hits, 0 errors, 1 left on base; Mississippi 3 - Colorado 3
TOP OF THE 11TH
Mississippi Mockingbirds batting - Pitching for Colorado Billy Goats : RHP Magnus Belli
Batting: LHB Jesús Lazcano 0-0: Foul Ball, location: 2F
0-1: Ball
1-1: Foul Ball, location: 2F
1-2: Foul Ball, location: 2F
1-2: Strikes out swinging
Batting: LHB Seb Blanch 0-0: Called Strike
0-1: Ball
1-1: Swinging Strike
1-2: Foul Ball, location: 2F
1-2: Ball
2-2: Foul Ball, location: 2F
2-2: Ball
3-2: Foul Ball, location: 2F
3-2: Ground out 4-3 (Groundball, 4, EV 80.6 MPH)
Batting: RHB Yong-hong Ren 0-0: SINGLE (Flyball, 9S, EV 86.2 MPH)
Batting: SHB Jorge Indiano 0-0: Ball
1-0: Called Strike
1-1: Foul Ball, location: 2F
1-2: Ball
Yong-hong Ren steals 2nd base
2-2: Strikes out looking
Top of the 11th over - 0 runs, 1 hit, 0 errors, 1 left on base; Mississippi 3 - Colorado 3
BOTTOM OF THE 11TH
Colorado Billy Goats batting - Pitching for Mississippi Mockingbirds : RHP Brewster Warble
Batting: RHB Matt Méndez 0-0: Called Strike
0-1: Foul Ball, location: 2F
0-2: Fly out, F7 (Flyball, 78S, EV 80.6 MPH)
Batting: LHB David de Meij 0-0: Called Strike
0-1: Swinging Strike
0-2: Ball
1-2: Ball
2-2: Strikes out swinging
Batting: LHB Ricardo Yates 0-0: Foul Ball, location: 2F
0-1: Ball
1-1: Foul Ball, location: 2F
1-2: Ball
2-2: Strikes out looking
Bottom of the 11th over - 0 runs, 0 hits, 0 errors, 0 left on base; Mississippi 3 - Colorado 3
TOP OF THE 12TH
Mississippi Mockingbirds batting - Pitching for Colorado Billy Goats : RHP Magnus Belli
Pitching: LHP Mamadou Boutin
Batting: RHB Jorge Muńóz 0-0: Ground out 1-3 (Groundball, 15S, EV 74.4 MPH)
Batting: LHB Warren King 0-0: Called Strike
0-1: Ball
1-1: Ball
2-1: Foul Ball, location: 2F
2-2: SINGLE (Flyball, 89S, EV 86.9 MPH)
Batting: LHB Rylen Roersma 0-0: Fly out, F4 (Popup, 4M, EV 70.6 MPH)
Batting: RHB Doug Allerdale 0-0: Foul Ball, location: 2F
0-1: Ball
1-1: Foul Ball, location: 2F
1-2: Ball
2-2: Fly out, F9 (Flyball, 9LSF, EV 94.4 MPH)
Top of the 12th over - 0 runs, 1 hit, 0 errors, 1 left on base; Mississippi 3 - Colorado 3
BOTTOM OF THE 12TH
Colorado Billy Goats batting - Pitching for Mississippi Mockingbirds : RHP Brewster Warble
Pitching: RHP Jeff Mahl
Batting: LHB Tim Gonzáles 0-0: SINGLE (Groundball, 3D, EV 103.8 MPH)
Batting: LHB Robby Sinor 0-0: Called Strike
0-1: Ball
1-1: Foul Ball, location: 2F
1-2: Strikes out swinging
Batting: LHB Samual Johnson 0-0: Called Strike
0-1: Called Strike
0-2: Strikes out looking
Batting: RHB Paul Byrd 0-0: SINGLE (Groundball, 6D, EV 100.0 MPH)
Tim Gonzáles to second
Pinch Runner at 2nd Henrique de Senna Fernandes:
Batting: LHB Ruhinda Kirkconnell 0-0: Fly out, F9 (Flyball, 9S, EV 85.6 MPH)
Bottom of the 12th over - 0 runs, 2 hits, 0 errors, 2 left on base; Mississippi 3 - Colorado 3
TOP OF THE 13TH
Mississippi Mockingbirds batting - Pitching for Colorado Billy Goats : LHP Mamadou Boutin
Now at 1B: Bud Randall
Batting: RHB Júlio Coronado 0-0: Ball
1-0: Called Strike
1-1: Foul Ball, location: 2F
1-2: Ball
2-2: Foul Ball, location: 2F
2-2: Ball
3-2: Base on Balls
Batting: LHB Jesús Lazcano 0-0: Called Strike
0-1: Fly out, F8 (Flyball, 8LD, EV 100.6 MPH)
Batting: LHB Seb Blanch 0-0: Called Strike
0-1: Ball
1-1: Foul Ball, location: 2F
1-2: Foul Ball, location: 2F
1-2: Foul Ball, location: 2F
1-2: Ball
2-2: Ground out 4-3 (Groundball, 34D, EV 85.6 MPH)
Júlio Coronado to second
Batting: RHB Yong-hong Ren 0-0: Intentional Walk
Pinch Runner at 2nd Joe Gram:
Batting: SHB Jorge Indiano 0-0: SINGLE (Groundball, 34D, EV 108.1 MPH)
Joe Gram to third
Yong-hong Ren to second
Runner from 3rd tries for Home, SAFE, throw by RF to home
Batting: RHB Jorge Muńóz 0-0: Called Strike
0-1: Ball
1-1: Foul Ball, location: 2F
1-2: Foul Ball, location: 2F
1-2: SINGLE (Groundball, 4M, EV 96.2 MPH) (infield hit)
Yong-hong Ren to third
Jorge Indiano to second
Batting: LHB Warren King 0-0: Ball
1-0: Fly out, F4 (Line Drive, 4, EV 64.4 MPH)
Top of the 13th over - 1 run, 2 hits, 0 errors, 3 left on base; Mississippi 4 - Colorado 3
BOTTOM OF THE 13TH
Colorado Billy Goats batting - Pitching for Mississippi Mockingbirds : RHP Jeff Mahl
Now at 1B: Henry Madore
Batting: SHB Raoul de Gilde 0-0: Called Strike
0-1: Ball
1-1: Foul Ball, location: 2F
1-2: Ball
2-2: Strikes out looking
Batting: RHB Matt Méndez 0-0: Ball
1-0: Fly out, F8 (Flyball, 78D, EV 101.9 MPH)
Batting: LHB David de Meij 0-0: Foul Ball, location: 2F
0-1: Ball
1-1: Ball
2-1: Foul Ball, location: 2F
2-2: SINGLE (Line Drive, 89M, EV 99.4 MPH)
Batting: LHB Ricardo Yates 0-0: Ball
1-0: Ball
David de Meij steals 2nd base
2-0: Called Strike
2-1: Ball
3-1: Ground out 3-1 (Groundball, 34S, EV 87.5 MPH)
Bottom of the 13th over - 0 runs, 1 hit, 0 errors, 1 left on base; Mississippi 4 - Colorado 3
Friday, March 26th, 2021 - OOTP Baseball 20.8 Build 74